 Dungeon Crawl Stone Soup version 0.28.0 (webtiles) character file.

Game seed: 1763762525713803494

3614 DasRunzen the Magician (level 10, -9/72 HPs)
             Began as a Djinni Fire Elementalist on Feb 11, 2022.
             Was a Follower of Qazlal.
             Mangled by Harold (21 damage)
             ... on level 8 of the Dungeon.
             The game lasted 00:23:20 (9205 turns).

DasRunzen the Magician (Djinni Fire Elementalist)   Turns: 9205, Time: 00:23:21

Health: -9/72      AC:  3    Str:  7    XL:     10   Next: 32%
Gold:   1072       EV:  8    Int: 22    God:    Qazlal [*.....] SH:  0 Dex: 15

rFire   + + .      SeeInvis .   f - +4 short sword of Ethradaat {vorpal, Fly Dex+2}
rCold   . . .      Faith    .   (no shield)
rNeg    . . .      Spirit   .   n - +1 robe {rC+}
rPois   ∞          Reflect  .   g - +1 helmet
rElec   .          Harm     .   q - +0 cloak
rCorr   .          Rampage  .   (no gloves)
Will    +....                   (boots unavailable)
Stlth   +.........              (no amulet)
HPRegen 0.22/turn               (no ring)
MPRegen 0.00/turn               (no ring)

@: confused, about to teleport, ambrosia-drunk, marked, corroded, flying, held
A: sickness immunity, fire resistance 2, cold vulnerability 1, float, innate
caster, HP casting, extra vitality 1
a: Renounce Religion


You were on level 8 of the Dungeon.
You worshipped Qazlal.
Qazlal was aware of your devotion.
You visited 2 branches of the dungeon, and saw 9 of its levels.

You collected 1105 gold pieces.
You spent 33 gold pieces at shops.

Inventory:

Hand Weapons
 f - the +4 short sword of Ethradaat (weapon) {vorpal, Fly Dex+2}
   (You found it on level 3 of the Dungeon)

   It inflicts extra damage upon your enemies.
   Dex:       It affects your dexterity (+2).
   Fly:       It grants you flight.
 o - the +1 dagger of the Thirteen Knives {vorpal, Will+ rCorr Str+5 Dex-3}
   (You found it on level 6 of the Dungeon)

   It inflicts extra damage upon your enemies.
   Str:       It affects your strength (+5).
   Dex:       It affects your dexterity (-3).
   rCorr:     It protects you from acid and corrosion.
   Will:      It increases your willpower.
Armour
 g - a +1 helmet (worn)
 n - a +1 robe of cold resistance (worn)
 q - a +0 cloak (worn)
Jewellery
 a - an amulet of reflection
Wands
 c - a wand of charming (10)
 i - a wand of mindburst (20)
Scrolls
 d - 2 scrolls of blinking
 e - 3 scrolls of teleportation
 k - a scroll of fog
 p - a scroll of enchant weapon
Potions
 b - 2 potions of brilliance
 h - 2 potions of cancellation
 m - a potion of heal wounds
 r - a potion of might {unknown}


   Skills:
 + Level 6.2 Fighting
 + Level 6.1 Armour
 + Level 7.2 Dodging
 - Level 1.5 Stealth
 * Level 7.3 Spellcasting


You had one spell level left.
You knew the following spells:

 Your Spells              Type           Power      Damage    Failure   Level
a - Foxfire               Conj/Fire      100%       2x1d9     1%          1
b - Scorch                Fire           80%        2d9       1%          2
c - Conjure Flame         Conj/Fire      40%        6-21      1%          3
d - Inner Flame           Hex/Fire       40%        N/A       1%          3
e - Flame Wave            Conj/Fire      40%        2d9       3%          4
f - Freeze                Ice            100%       1d11      1%          1
g - Searing Ray           Conj           80%        2d7       1%          2
h - Swiftness             Air            40%        N/A       1%          3
i - Gell's Gravitas       Tloc           40%        N/A       1%          3
Your spell library was empty.

Dungeon Overview and Level Annotations

Branches:
Dungeon (8/15)             Temple (1/1) D:5
   Lair: D:8-11

Altars:
Ashenzari
Dithmenos
Elyvilon
Fedhas
Gozag
Hepliaklqana
Kikubaaqudgha
Makhleb
Nemelex Xobeh
Okawaru
Qazlal
Ru
Sif Muna
Trog
Uskayaw
Wu Jian
Xom
Zin
The Shining One

Shops:
D:3 =   D:4 *   D:5 (

Annotations:
D:8 1 runed translucent door, Harold


Innate Abilities, Weirdness & Mutations

You are immune to sickness and miasma.
You are immune to poison.
Your flesh is very heat resistant. (rF++)
You are vulnerable to cold. (rC-)
You float through the air rather than walking.
You learn spells naturally, not from books.
Your magical power is your life essence.
You have superior vitality. (+4 MHP)


Message History

Casting: Scorch (safe; 1% risk of failure)
Confirm with . or Enter, or press ? or * to list all spells.
Flames lash Harold but do no damage.
Harold hits you with a +1 morningstar of protection!
Unknown command.
Casting: Scorch (safe; 1% risk of failure)
Confirm with . or Enter, or press ? or * to list all spells.
Flames lash Harold but do no damage.
Harold is no longer more vulnerable to fire.
Harold completely misses you.
Casting: Scorch (safe; 1% risk of failure)
Confirm with . or Enter, or press ? or * to list all spells.
Flames lash Harold.
Harold is moderately wounded.
Harold's fire resistance burns away.
Harold zaps a wand.
The bolt of acid hits you!
Casting: Scorch (safe; 1% risk of failure)
Confirm with . or Enter, or press ? or * to list all spells.
Flames lash Harold.
Harold is burned terribly!
Harold is moderately wounded.
Harold barely misses you.
Casting: Scorch (safe; 1% risk of failure)
Confirm with . or Enter, or press ? or * to list all spells.
Flames lash Harold but do no damage.
Harold zaps a wand.
The bolt of acid hits you!!
* * * LOW HITPOINT WARNING * * *
The acid corrodes you!
Unknown command.
You feel better.
Harold hits you with a +1 morningstar of protection!
* * * LOW HITPOINT WARNING * * *
Blink to where?
Press: ? - help, Dir - move target, f - you
Okay, then.
As you read the scroll of teleportation, it crumbles to dust.
You feel strangely unstable. Harold barely misses you.
You are confused.
You feel invigorated.
Harold hits you with a +1 morningstar of protection!!
You die...

.......# .##
.#......###..
...........$.##
#.#........#..
.............#
#.#........#.###
$......@§......
#..#.@........
#............#
.##.###.........
................
.........#...#.#
...#.###.#.....#
+# #............
#.###.......#
#......#.....


You could see Harold (combustible).

Vanquished Creatures
  A two-headed ogre (D:6)
  4 water moccasins
  2 ice beasts
  A sky beast (D:6)
  A black bear (D:6)
  7 ogres
  5 centaurs
  A kobold brigand (D:7)
  2 bullfrogs
  2 scorpions (D:5)
  2 water moccasin zombies (D:5)
  3 wights (D:7)
  2 bullfrog zombies
  A jelly (D:5)
  8 orc priests
  3 hounds
  An iguana (D:7)
  3 orc wizards
  5 adders
  A white imp (D:5)
  An ufetubus (D:5)
  2 adder skeletons
  4 worms (D:2)
  3 dart slugs
  30 orcs
  4 ball pythons (D:3)
  10 bats
  7 endoplasms
  5 giant cockroaches
  3 hobgoblins (D:4)
  6 jackals
  2 quokkas
  4 frilled lizards
  8 goblins
  14 kobolds
  5 rats
163 creatures vanquished.

Vanquished Creatures (others)
  574 foxfires
574 creatures vanquished.

Grand Total: 737 creatures vanquished

Notes
Turn   | Place    | Note
-------+----------+-------------------------------------------
     0 | D:1      | DasRunzen the Djinni Fire Elementalist began the quest for
                  | the Orb.
     0 | D:1      | Reached XP level 1. HP: 15/15 MP: 0/0
   292 | D:1      | Reached XP level 2. HP: 17/22 MP: 0/0
   819 | D:1      | Found a faded altar of an unknown god.
   977 | D:1      | Reached XP level 3. HP: 24/26 MP: 0/0
   977 | D:1      | Learned a level 1 spell: Freeze
  1203 | D:2      | Reached skill level 1 in Armour
  1292 | D:2      | Reached skill level 1 in Fighting
  1983 | D:2      | Reached XP level 4. HP: 30/32 MP: 0/0
  2547 | D:3      | Found Ythosur's Jewellery Shoppe.
  2822 | D:3      | Found a shadowy altar of Dithmenos.
  2840 | D:3      | Found a hazy altar of Hepliaklqana.
  3186 | D:3      | Reached XP level 5. HP: 35/38 MP: 0/0
  3186 | D:3      | Learned a level 2 spell: Searing Ray
  3534 | D:3      | Found a sacrificial altar of Ru.
  3534 | D:3      | Found an iron altar of Okawaru.
  3548 | D:3      | Identified the +4 short sword of Ethradaat {vorpal, Fly
                  | Dex+2}
  3600 | D:4      | Noticed a centaur
  3612 | D:4      | Killed a centaur
  3613 | D:4      | Reached XP level 6. HP: 20/43 MP: 0/0
  4170 | D:4      | Found Hiledeth's General Store.
  4179 | D:4      | Bought a potion of curing for 33 gold pieces
  4274 | D:4      | Noticed an ogre
  4278 | D:4      | Killed an ogre
  4524 | D:5      | Entered Level 5 of the Dungeon
  4524 | D:5      | Found Caeqaz's Antique Weapon Shop.
  4525 | D:5      | Noticed a water moccasin
  4531 | D:5      | Killed a water moccasin
  4532 | D:5      | Reached XP level 7. HP: 43/49 MP: 0/0
  4532 | D:5      | Learned a level 3 spell: Swiftness
  4961 | D:5      | Identified a scroll of acquirement
  4962 | D:5      | Acquired 819 gold pieces
  5007 | D:5      | Reached XP level 8. HP: 52/56 MP: 0/0
  5175 | D:5      | Reached skill level 5 in Spellcasting
  5270 | D:5      | Reached skill level 5 in Dodging
  6004 | D:5      | Found a staircase to the Ecumenical Temple.
  6454 | Temple   | Entered the Ecumenical Temple
  6479 | Temple   | Became a worshipper of Qazlal Stormbringer
  6671 | D:6      | Reached XP level 9. HP: 53/63 MP: 0/0
  6671 | D:6      | Learned a level 3 spell: Gell's Gravitas
  6780 | D:6      | Noticed a two-headed ogre
  6788 | D:6      | Killed a two-headed ogre
  6789 | D:6      | Reached skill level 5 in Fighting
  6789 | D:6      | Reached skill level 5 in Armour
  7078 | D:6      | Identified the +1 dagger of the Thirteen Knives {vorpal,
                  | Will+ rCorr Str+5 Dex-3}
  7716 | D:7      | Reached XP level 10. HP: 57/71 MP: 0/0
  8092 | D:7      | Reached * piety under Qazlal
  8442 | D:7      | Found an iron altar of Okawaru.
  9187 | D:8      | Found a runed translucent gate.
  9190 | D:8      | Noticed Harold
  9205 | D:8      | Mangled by Harold

Illustrated notes

Levels and vault maps discovered:
D:1:      nzn_arrival_crosshair, layout_basic,
          hellmonk_ecumenical_altar_leap_of_faith
D:2:      layout_loops_ring, grunt_ministairs_15
D:3:      cheibrodos_helix_gallery, layout_rooms, nzn_hepliaklqana_mist_gate,
          nicolae_dithmenos_shadow_blocks, kennysheep_orc_sif_temple,
          gammafunk_temple_overflow_statue, serial_shops, shop,
          dk_noncrumbling_4
D:4:      layout_basic, serial_shops, nicolae_stop_n_shop_1
D:5:      layout_basic, minmay_temple_entry_gardened_gates, serial_shops,
          nicolae_shop_hallway_stairs, corexii_corridor_pit, bh_walls_and_bars
D:6:      layout_rooms
D:7:      layout_loops_cross, minmay_statues_item, st_stairs_3,
          david_defended_altar_orc
D:8:      layout_basic, ploomutoo_gammafunk_ghost_potion_laboratory, uniq_harold
Temple:   eino_narrow_crystal_temple

Skill      XL: |  1  2  3  4  5  6  7  8  9 10 |
---------------+-------------------------------+-----
Armour         | 1 2 3 4 5 6 |  6.1
Fighting       | 1 2 3 4 5 6 |  6.2
Spellcasting   | 3 4 5 6 7 |  7.3
Dodging        | 3 4 5 6 7 |  7.2
Stealth        | |  1.5

Action                   |  1- 3 |  4- 6 |  7- 9 | 10-12 || total
-------------------------+-------+-------+-------+-------++-------
Melee: Short sword       |       |       |     1 |       ||     1
 Cast: Foxfire           |    62 |   121 |   133 |    42 ||   358
       Scorch            |    10 |     6 |    43 |    31 ||    90
       Inner Flame       |       |     1 |     4 |     5 ||    10
  Use: Scroll            |       |     8 |     7 |     3 ||    18
       Potion            |       |     3 |       |     2 ||     5
Armor: Robe              |     1 |     7 |     4 |     3 ||    15
Dodge: Dodged            |     9 |    20 |    11 |    20 ||    60
Block: Other             |       |       |       |     1 ||     1
